 Dungeon Crawl Stone Soup version 0.21-a0-582-g1b93aee (webtiles) character file.

100 zero the Sneak (level 4, 0/21 HPs)
             Began as a Spriggan Enchanter on Dec 19, 2017.
             Was an Initiate of Vehumet.
             Slain by a gnoll
             ... wielding a +0 spear
              (9 damage)
             ... on level 3 of the Dungeon.
             The game lasted 00:04:33 (3737 turns).

zero the Sneak (Spriggan Enchanter)                 Turns: 3737, Time: 00:04:34

Health: 0/21       AC:  2    Str:  4    XL:     4   Next: 47%
Magic:  0/9        EV: 18    Int: 16    God:    Vehumet [......]
Gold:   140        SH:  0    Dex: 17    Spells: 2/8 levels left

rFire    . . .     SeeInvis +   a - +1 dagger
rCold    . . .     Gourm    .   (shield restricted)
rNeg     . . .     Faith    .   b - +0 robe
rPois    .         Spirit   .   (helmet restricted)
rElec    .         Reflect  .   (no cloak)
rCorr    .         Harm     +   (gloves unavailable)
MR       +....                  (boots unavailable)
Stlth    ++++......             q - amulet of harm
HPRegen  0.07/turn              p - ring of protection from magic
MPRegen  0.11/turn              (no ring)

@: very quick
A: very small, unfitting armour, see invisible, herbivore, speed 3, slow
metabolism 2
a: Renounce Religion


You were on level 3 of the Dungeon.
You worshipped Vehumet.
Vehumet was noncommittal.
You were not hungry.

You visited 1 branch of the dungeon, and saw 3 of its levels.

You collected 140 gold pieces.

Inventory:

Hand Weapons
 a - a +1 dagger (weapon)
Armour
 b - a +0 robe (worn)
 g - a +1 buckler of protection
Jewellery
 p - a ring of protection from magic (left hand)
 q - an amulet of harm (around neck)
Scrolls
 f - 2 scrolls of identify {unknown}
 i - a scroll of immolation {unknown}
 j - a scroll of fog {unknown}
 n - 3 scrolls of fear {unknown}
 o - 2 scrolls of enchant armour {unknown}
Potions
 e - 2 potions of heal wounds {unknown}
 h - a potion of berserk rage {unknown}
 k - a potion of curing {unknown}
 l - a potion of flight {unknown}
 m - a potion of cancellation {unknown}
Books
 c - a book of Maledictions

   Spells                             Type                      Level
   a - Corona                         Hexes                        1
   b - Ensorcelled Hibernation        Hexes/Ice                    2
   c - Confuse                        Hexes                        3
   d - Tukima's Dance                 Hexes                        3
   e - Dazzling Spray                 Conjuration/Hexes            3
Comestibles
 d - 5 rations


   Skills:
 + Level 3.4 Short Blades
 - Level 3.0 Dodging
 + Level 6.6 Stealth
 - Level 2.6 Spellcasting
 - Level 3.6 Hexes


You had 2 spell levels left.
You knew the following spells:

 Your Spells              Type           Power        Failure   Level  Hunger
a - Corona                Hex            ##.....      4%          1    #......
b - Ensorcelled Hibernat  Hex/Ice        #.....       14%         2    ##.....
c - Confuse               Hex            ##......     13%         3    ###....


Dungeon Overview and Level Annotations

Branches:
Dungeon (3/15)

Altars:
Elyvilon
Vehumet


Innate Abilities, Weirdness & Mutations

You are very small and have problems with some larger weapons.
You are too small for most types of armour.
You have supernaturally acute eyesight. (SInv)
You are a herbivore.
You cover ground extremely quickly.
You need consume almost no food.


Message History

You completely miss the worm.
The worm is almost dead.
The worm bites you!
You hit the worm.
The worm is almost dead.
You hit the worm.
You kill the worm!
Vehumet accepts your kill.
Your magical contamination has completely faded away.
A giant cockroach comes into view.
The giant cockroach moves out of view.
You see here a ball python corpse.
You hit the gnoll but do no damage. The gnoll barely misses you.
Casting: Corona
Confirm with . or Enter, or press ? or * to list all spells.
Aiming: Ensorcelled Hibernation
Press: ? - help, Shift-Dir - straight line, f - gnoll
Aim: a gnoll, wielding a spear (chance to defeat MR: 48%)
The gnoll resists with some effort.
The gnoll hits you with a spear!
You die...

#.# .# #.# ##.##
#...# #.# # ##†..##
.!..## #####.#
#.##.)...## .....
...#.# #.#.......##
.... #.#.##
#..........# ...
#.s..#####........#
..
#...............#.#
.#
#.@..######.....<.#
(# ######g####
#.####### .# #..<...#
#.# .#
#.##############.####
.# #.# #...........#
.# #.# #.######.##w##
.# #.# #.#.#.## (#
#.# #..###†## .# #.#
#.## ##.#


You could see a gnoll and a giant cockroach.

Vanquished Creatures
  5 adders (D:2)
  A worm (D:3)
  A dart slug (D:1)
  3 leopard geckos
  5 goblins (D:1)
  4 hobgoblins
  6 jackals
  8 kobolds
  A ball python (D:3)
  5 bats
  2 frilled lizards
  6 rats
47 creatures vanquished.

Notes
Turn   | Place    | Note
-------+----------+-------------------------------------------
     0 | D:1      | zero the Spriggan Enchanter began the quest for the Orb.
     0 | D:1      | Reached XP level 1. HP: 9/9 MP: 5/5
   248 | D:1      | Reached XP level 2. HP: 11/13 MP: 1/6
   252 | D:1      | Learned a level 2 spell: Ensorcelled Hibernation
   313 | D:1      | Reached skill level 5 in Stealth
  1150 | D:1      | Reached XP level 3. HP: 16/16 MP: 6/8
  1221 | D:1      | Learned a level 3 spell: Confuse
  2236 | D:2      | Found a white marble altar of Elyvilon.
  2242 | D:2      | Reached skill level 6 in Stealth
  2512 | D:2      | Reached XP level 4. HP: 21/21 MP: 9/9
  2871 | D:2      | Found a radiant altar of Vehumet.
  2877 | D:2      | Became a worshipper of Vehumet
  3321 | D:3      | HP: 1/21 [kobold/whip of electrocution (16)]
  3737 | D:3      | Slain by a gnoll

Vault maps used:
D:1:      eino_arrival_cavern_d, minmay_misc_feat_diagonals, minivault_14
D:2:      vehumet_crystals, elyvilon_altar_5, first_ration
D:3:      tgw_trog

Skill      XL: |  1  2  3 |
---------------+----------+-----
Stealth        | 5 6 |  6.6
Short Blades   | 2 3 |  3.4
Dodging        | |  3.0
Spellcasting   | |  2.6
Hexes          | |  3.6

Action                   |  1- 3 |  4- 6 || total
-------------------------+-------+-------++-------
Melee: Dagger            |   144 |    70 ||   214
 Cast: Corona            |    15 |     4 ||    19
       Ensorcelled Hiber |     8 |     7 ||    15
 Stab: Sleeping          |    15 |     5 ||    20
  Eat: Ration            |       |     1 ||     1
Armor: Robe              |    11 |     5 ||    16
Dodge: Dodged            |   130 |    54 ||   184

Table legend:
 A = Spawn XP
 B = Non-spawn XP
 C = Spawn XP percentage of total XP
 D = Spawn monster count
 E = Non-spawn monster count
 F = Spawn count percentage of total count
 G = Total turns spent on level
                    A         B        C        D         E        F      G
               +---------+---------+-------+---------+---------+-------+---------
         Total |       0 |     144 |   0.0 |       0 |      47 |   0.0 |  3737
               +---------+---------+-------+---------+---------+-------+---------
           D:1 |       0 |      36 |   0.0 |       0 |      19 |   0.0 |  1315
           D:2 |       0 |      99 |   0.0 |       0 |      23 |   0.0 |  2272
           D:3 |       0 |       9 |   0.0 |       0 |       5 |   0.0 |   150
               +---------+---------+-------+---------+---------+-------+---------
